 Dungeon Crawl Stone Soup version 0.17.1-3-g152610e (webtiles) character file.

3532 hannobal the Summoner (level 9, -2/59 HPs)
             Began as a Mummy Summoner on Apr 7, 2016.
             Was an Initiate of Ashenzari.
             Slain by a deep elf mage
             ... wielding a +0 long sword
              (8 damage)
             ... on level 9 of the Dungeon on Apr 9, 2016.
             The game lasted 01:08:34 (12190 turns).

hannobal the Summoner (Mummy Summoner)             Turns: 12190, Time: 01:08:34

Health: -2/59      AC:  7    Str: 12    XL:     9   Next: 82%
Magic:  9/17       EV: 13    Int: 19    God:    Ashenzari [......]
Gold:   45         SH:  0    Dex: 12    Spells: 3 memorised, 10 levels left

rFire  + . .     SeeInvis .     Q - +1 whip "Inerphauschib" {freeze, MR+ Int+2 Stlth+} (curse)
rCold  + . .     Clarity  .     p - +1 robe {MR+}
rNeg   + + +     SustAt   .     (no shield)
rPois  ∞         Gourm    .     E - +1 helmet (curse)
rElec  .         Spirit   .     k - +0 cloak of Cheibriados's Wrath {+Fly rF+} (curse)
rCorr  .         Warding  .     (no gloves)
rMut   .         Stasis   .     I - +0 pair of boots
MR     +++..                    f - amulet of regeneration
Stlth  ++++......               m - ring of stealth
                                j - ring of protection from fire (curse)

@: extremely resistant to hostile enchantments, stealthy
A: no food or potions, fire vulnerability, cold resistance 1, negative energy
resistance 3, torment resistance, unbreathing
a: Renounce Religion, Evoke Flight


You were on level 9 of the Dungeon.
You worshipped Ashenzari.
Ashenzari was noncommittal.
You were not hungry.

You visited 2 branches of the dungeon, and saw 10 of its levels.

You collected 411 gold pieces.
You spent 366 gold pieces at shops.

Inventory:

Hand Weapons
 a - a +5 whip of electrocution
 b - a +0 hand crossbow
 o - a +1 halberd of chopping
 w - a +0 flail of protection
 z - a +0 blowgun
 D - a +0 whip of venom
 G - the cursed +6 hunting sling of Pain and Death {freeze, Str+3 Int-5 Dex+5 SInv}
   (You acquired it on level 5 of the Dungeon)

   It causes projectiles fired from it to freeze those they strike, causing
   extra injury to most foes and up to half again as much damage against
   particularly susceptible opponents.
   They can also slow down cold-blooded creatures.
   It affects your strength (+3).
   It affects your intelligence (-5).
   It affects your dexterity (+5).
   It lets you see invisible.
   It has a curse placed upon it.
 O - a +3 scimitar of freezing
 P - a +0 shortbow
 Q - the cursed +1 whip "Inerphauschib" (weapon) {freeze, MR+ Int+2 Stlth+}
   (You bought it in a shop on level 4 of the Dungeon)

   It has been specially enchanted to freeze those struck by it, causing extra
   injury to most foes and up to half again as much damage against particularly
   susceptible opponents.
   It can also slow down cold-blooded creatures.
   It affects your intelligence (+2).
   It affects your resistance to hostile enchantments.
   It makes you more stealthy.
   It has a curse placed upon it.
Missiles
 e - 4 tomahawks (quivered)
 h - 368 stones
 i - 176 arrows
 s - 29 sling bullets
 t - 19 exploding sling bullets
 v - 39 poisoned needles
 y - 5 curare-tipped needles
 L - 14 bolts of frost
 T - 20 bolts of flame
Armour
 d - a +0 ice dragon armour
 k - the cursed +0 cloak of Cheibriados's Wrath (worn) {+Fly rF+}
   (You found it on level 4 of the Dungeon)

   It protects you from fire.
   It lets you fly.
   It has a curse placed upon it.
 p - a +1 robe of magic resistance (worn)
 E - a cursed +1 helmet (worn)
 I - a +0 pair of boots (worn)
Magical Staves
 r - an uncursed staff of poison
Jewellery
 f - an amulet of regeneration (around neck)
 j - a cursed ring of protection from fire (left hand)
 m - a ring of stealth (right hand)
 n - an uncursed ring of see invisible
 u - an uncursed ring of sustain attributes
 B - an uncursed ring of protection from cold
 H - the ring "Laycverph" {rF- rC++ rN++ MP+9}
   (You bought it in a shop on level 6 of the Dungeon)

   [ring of magical power]

   It makes you vulnerable to fire.
   It greatly protects you from cold.
   It greatly protects you from negative energy.
   It affects your magic capacity (+9).
Wands
 l - a wand of polymorph (6)
 x - a wand of digging (11)
 R - a wand of magic darts (29)
Scrolls
 c - 6 scrolls of identify
 g - a scroll of teleportation
 q - a scroll of summoning
 C - 2 scrolls of magic mapping
 F - a scroll of enchant weapon
 J - a scroll of blinking
 N - 2 scrolls of amnesia
 S - a scroll of curse weapon
 U - a scroll of enchant armour
Books
 A - a book of Callings

   Spells                             Type                      Level
   a - Summon Small Mammal            Summoning                    1
   b - Call Imp                       Summoning                    2
   c - Call Canine Familiar           Summoning                    3
   d - Summon Guardian Golem          Hexes/Summoning              3
   e - Summon Lightning Spire         Summoning/Air                4
   f - Summon Ice Beast               Ice/Summoning                4
 K - a book of Battle

   Spells                             Type                      Level
   a - Infusion                       Charms                       1
   b - Shroud of Golubria             Charms/Translocation         2
   c - Song of Slaying                Charms                       2
   d - Spectral Weapon                Hexes/Charms                 3
   e - Regeneration                   Charms/Necromancy            3
 M - a book of Beasts

   Spells                             Type                      Level
   a - Summon Butterflies             Summoning                    1
   b - Call Canine Familiar           Summoning                    3
   c - Summon Ice Beast               Ice/Summoning                4
   d - Summon Mana Viper              Hexes/Summoning              5
   e - Summon Hydra                   Summoning                    7


   Skills:
 - Level 1.1 Fighting
 - Level 3.0 Maces & Flails
 - Level 3.0 Dodging
 - Level 1.5 Stealth
 + Level 5.5 Spellcasting
 - Level 9.0 Summonings
 - Level 5.1 Ice Magic


You had 10 spell levels left.
You knew the following spells:

 Your Spells              Type           Power        Failure   Level  Hunger
b - Summon Ice Beast      Ice/Summ       ####....     10%         4    N/A
c - Call Canine Familiar  Summ           #####...     1%          3    N/A
i - Call Imp              Summ           #####...     1%          2    N/A

Dungeon Overview and Level Annotations

Branches:
Dungeon (9/15)             Temple (1/1) D:5
   Lair: D:8-11         Orc: D:9-12

Altars:
Ashenzari
Cheibriados
Dithmenos
Elyvilon
Fedhas
Gozag
Kikubaaqudgha
Makhleb
Nemelex Xobeh
Okawaru
Qazlal
Ru
Sif Muna
Trog
Vehumet
Xom
Yredelemnul
Zin
The Shining One

Shops:
D:4 ?}(*   D:6 %*   D:8 (*(


Innate Abilities, Weirdness & Mutations

You do not eat or drink.
Your flesh is vulnerable to fire.
You are immune to poison.
Your flesh is cold resistant.
You are immune to negative energy.
You are immune to unholy pain and torment.
You can survive without breathing.


Message History

Read which item? (? for menu, Esc to quit)
As you read the scroll of teleportation, it crumbles to dust.
You feel strangely unstable.
The catoblepas breathes a plume of calcifying dust at you.
The blast of calcifying dust hits you!
* * * LOW HITPOINT WARNING * * *
Your surroundings suddenly seem different.
A jelly comes into view.
The jelly quivers.
Found a +0 trident and an uncursed ring mail.
Found an escape hatch in the ceiling.
An orc warrior, 2 orc priests and a deep elf mage come into view.
The orc priest shouts!
The deep elf mage shouts!
The orc warrior shouts!
The orc priest shouts!
The jelly hits you but does no damage. The orc priest barely misses you.
Found a wand of magic darts.
A sky beast comes into view.
The deep elf mage hits you with a long sword!
You die...

##########
#........# #######
#.[......# ...../.
#........##.......
#.......J.........
###......o........
#....o.e@...<...
#....o..........
#...............
#...............
##########......
...... .Y....
>.....


You could see an orc warrior, a sky beast, a deep elf mage, a jelly and 2 orc
priests.

Vanquished Creatures
  A hippogriff (D:8)
  2 ice beasts
  2 black bears (D:7)
  3 orc warriors
  A phantom (D:7)
  3 centaurs
  2 giant frogs
  3 scorpions
  5 wights (D:7)
  2 crimson imps
  2 hounds
  6 orc wizards
  A jelly (D:8)
  A centaur zombie (D:5)
  A giant frog skeleton (D:5)
  3 iguanas
  9 worker ants
  3 adders
  4 gnolls
  An ooze (D:1)
  An adder zombie (D:6)
  2 adder skeletons (D:7)
  A giant gecko (D:2)
  16 orcs
  2 ball pythons
  4 bats
  3 giant cockroaches
  2 jackals (D:5)
  2 quokkas (D:7)
  A giant newt (D:6)
  3 goblins (D:1)
  A jackal skeleton (D:6)
  3 kobolds
  11 rats
107 creatures vanquished.

Vanquished Creatures (collateral kills)
  3 trolls (D:9)
  A sky beast (D:9)
  An ice beast (D:8)
  5 ogres
  A phantom (D:6)
  A centaur (D:9)
  A big kobold (D:8)
  A scorpion (D:4)
  3 wights (D:7)
  2 crimson imps (D:8)
  A giant frog zombie (D:7)
  A hound (D:8)
  A jelly (D:9)
  Crazy Yiuf (D:2)
  An orc priest (D:5)
  An orc wizard (D:7)
  A centaur skeleton (D:4)
  3 worker ants (D:4)
  Jessica (D:7)
  A giant frog skeleton (D:9)
  Robin (D:4)
  10 adders
  13 gnolls
  An adder skeleton (D:7)
  A worm (D:2)
  6 giant geckos
  4 orcs
  11 goblins
  8 hobgoblins
  5 jackals
  A quokka (D:3)
  2 ball pythons
  7 bats
  5 giant cockroaches
  A giant gecko skeleton (D:4)
  5 giant newts
  7 kobolds
  10 rats
129 creatures vanquished.

Grand Total: 236 creatures vanquished

Notes
Turn   | Place    | Note
--------------------------------------------------------------
     0 | D:1      | hannobal the Mummy Summoner began the quest for the Orb.
     0 | D:1      | Reached XP level 1. HP: 13/13 MP: 3/3
   525 | D:1      | Reached XP level 2. HP: 14/19 MP: 5/5
   529 | D:1      | Learned a level 2 spell: Call Imp
   961 | D:1      | Reached skill level 4 in Summonings
  1460 | D:1      | Reached XP level 3. HP: 24/24 MP: 2/6
  1670 | D:1      | Learned a level 3 spell: Call Canine Familiar
  2253 | D:2      | Noticed Crazy Yiuf
  2258 | D:2      | Noticed a giant frog
  2258 | D:2      | a hound changed into a giant frog
  2261 | D:2      | Noticed a wasp
  2261 | D:2      | a giant frog changed into a wasp
  2263 | D:2      | Killed Crazy Yiuf
  2353 | D:2      | Reached XP level 4. HP: 30/30 MP: 2/8
  3624 | D:3      | Found a stormy altar of Qazlal.
  3888 | D:3      | Reached XP level 5. HP: 35/35 MP: 5/10
  4140 | D:3      | Found a shadowy altar of Dithmenos.
  4595 | D:4      | Found Nynec's Gadget Emporium.
  4992 | D:4      | Reached skill level 5 in Summonings
  5141 | D:4      | Noticed Robin
  5154 | D:4      | Found Jaudedi's Magic Scroll Boutique.
  5169 | D:4      | Killed Robin
  5232 | D:4      | Learned a level 4 spell: Summon Ice Beast
  5558 | D:4      | Reached skill level 1 in Maces & Flails
  5558 | D:4      | Reached XP level 6. HP: 36/41 MP: 7/11
  5566 | D:4      | Got a transparent cloak
  5567 | D:4      | Identified the cursed +0 cloak of Cheibriados's Wrath {+Fly rF+} (You found it on level 4 of the Dungeon)
  5601 | D:4      | Found Riomol's Weapon Emporium.
  5633 | D:4      | Found a burning altar of Makhleb.
  5636 | D:4      | Reached skill level 1 in Fighting
  5731 | D:4      | Found Vacsaux's Assorted Antiques.
  5739 | D:4      | Bought a scroll labeled KIMIUNOBOM for 25 gold pieces
  5887 | D:5      | Entered Level 5 of the Dungeon
  6077 | D:5      | Found a staircase to the Ecumenical Temple.
  6092 | Temple   | Entered the Ecumenical Temple
  6166 | Temple   | Became a worshipper of Ashenzari the Shackled
  6519 | D:5      | Reached skill level 1 in Ice Magic
  6519 | D:5      | Reached XP level 7. HP: 12/48 MP: 6/12
  6817 | D:5      | Identified a scroll of acquirement
  6818 | D:5      | Got the cursed hunting sling of Pain and Death {freeze, Str+3 Int-5 Dex+5 SInv}
  7030 | D:6      | Found Hirghom's Assorted Antiques.
  7038 | D:6      | Bought a coiled glass ring for 135 gold pieces
  7038 | D:6      | Identified the ring "Laycverph" {rF- rC++ rN++ MP+9} (You bought it in a shop on level 6 of the Dungeon)
  7096 | D:6      | Reached skill level 6 in Summonings
  7401 | D:6      | Reached XP level 8. HP: 51/54 MP: 10/13
  7685 | D:6      | Found Yjybb's Food Boutique.
  8417 | D:7      | Noticed Jessica
  8424 | D:7      | Killed Jessica
  8450 | D:7      | Found a deep blue altar of Sif Muna.
  8783 | D:7      | Reached skill level 7 in Summonings
  9129 | D:7      | Reached skill level 8 in Summonings
  9270 | D:7      | Reached XP level 9. HP: 53/59 MP: 9/14
  9378 | D:7      | Found a blossoming altar of Fedhas.
  9883 | D:8      | Reached skill level 5 in Ice Magic
 10137 | D:4      | Bought a twisted whip for 187 gold pieces
 10137 | D:4      | Identified the cursed +1 whip "Inerphauschib" {freeze, MR+ Int+2 Stlth+} (You bought it in a shop on level 4 of the Dungeon)
 10137 | D:4      | Identified the cursed +6 hunting sling of Pain and Death {freeze, Str+3 Int-5 Dex+5 SInv} (You acquired it on level 5 of the Dungeon)
 10354 | D:8      | Found a basalt altar of Yredelemnul.
 10366 | D:8      | Found Natav's Antique Weapon Boutique.
 10743 | D:8      | Found Sagekhis's Assorted Antiques.
 10747 | D:8      | Bought a glowing robe for 19 gold pieces
 10843 | D:8      | Found Roopunar's Antique Weapon Emporium.
 10905 | D:8      | Found a glowing golden altar of the Shining One.
 11079 | D:8      | Noticed an angel
 11237 | D:9      | Reached * piety under Ashenzari
 11354 | D:9      | Reached skill level 9 in Summonings
 11455 | D:9      | Noticed a catoblepas
 11726 | D:9      | Reached skill level 5 in Spellcasting
 12190 | D:9      | Slain by a deep elf mage

Action                   |  1- 3 |  4- 6 |  7- 9 || total
-------------------------+-------+-------+-------++-------
Melee: Unarmed           |   122 |       |       ||   122
       Dagger            |    35 |       |       ||    35
       Club              |    17 |    83 |       ||   100
       Whip              |       |    45 |   442 ||   487
       Flail             |       |       |    21 ||    21
 Fire: Shortbow          |       |       |    10 ||    10
       Hand crossbow     |       |       |    10 ||    10
Throw: Stone             |    13 |     9 |     3 ||    25
       Tomahawk          |       |       |     3 ||     3
 Cast: Summon Small Mamm |    12 |     1 |       ||    13
       Call Imp          |    15 |    20 |    17 ||    52
       Call Canine Famil |     7 |    52 |    43 ||   102
       Summon Ice Beast  |       |       |    24 ||    24
  Use: Scroll            |     2 |     7 |    11 ||    20
 Stab: Sleeping          |     1 |     3 |     6 ||    10
       Distracted        |       |     3 |     5 ||     8
